 Dungeon Crawl Stone Soup version 0.32-a0-732-ga344392067 (webtiles) character file.

Game seed: 183342022697412588

2760 senseless the Trooper (level 9, -6/80 HPs)
             Began as a Purple Draconian Shapeshifter on Mar 16, 2024.
             Was a Priest of Cheibriados.
             Shot with an arrow by a centaur (13 damage)
             ... on level 8 of the Dungeon.
             The game lasted 00:17:49 (7259 turns).

senseless the Trooper (DrSh)                        Turns: 7259, Time: 00:17:49

Health: -6/80      AC:  7    Str: 35    XL:     9   Next: 41%
Magic:  11/11      EV: 15    Int: 19    God:    Cheibriados [***...]
Gold:   481        SH:  0    Dex: 18    Spells: 8/8 levels left

rFire   + .          .
                       - Unarmed
rCold   . . .        (no shield)
rNeg    . . .        (body armour unavailable)
rPois   .            (helmet currently unavailable)
rElec   .            B - melded +0 cloak
rCorr   .            D - melded +2 pair of gloves {Str+3}
SInv    .            (boots currently unavailable)
Will    +....        (no amulet)
Stlth   ++           u - +6 ring of strength
HPRegen 0.33/turn    z - ring of protection from fire
MPRegen 0.12/turn

%: no passive effects
@: beast-form, studying Shapeshifting, very slow
A: beast (slay +3), nullifying breath, AC +7, unfitting armour, cold-blooded
a: Nullifying Breath, Begin Untransformation, Renounce Religion, Bend Time,
Temporal Distortion


You were on level 8 of the Dungeon.
You worshipped Cheibriados.
Cheibriados was most pleased with you.
You were a hulking beast.
You visited 1 branch of the dungeon, and saw 8 of its levels.

You collected 481 gold pieces.

Inventory:

Missiles
 i - 5 poisoned darts (quivered)
 m - 2 boomerangs
 p - a throwing net
Armour
 B - a +0 cloak (melded)
 D - a +2 pair of gloves of strength (melded)
Jewellery
 u - a +6 ring of strength (left hand)
 z - a ring of protection from fire (right hand)
Talismans
 b - a beast talisman (active)
 c - a flux talisman
Wands
 v - a wand of polymorph (12)
Scrolls
 j - a scroll of enchant armour
 k - a scroll of immolation
 q - a scroll of vulnerability
 t - 5 scrolls of teleportation
 x - a scroll of enchant weapon
Potions
 a - a potion of lignification
 d - 4 potions of might
 e - 2 potions of mutation
 f - 2 potions of curing
 h - a potion of enlightenment
 l - 2 potions of invisibility {unknown}
 r - a potion of ambrosia {unknown}
 s - 3 potions of attraction {unknown}
 A - 2 potions of heal wounds {unknown}
 C - 2 potions of haste {unknown}


   Skills:
 * Level 7.7 Fighting
 * Level 6.7 Dodging
 + Level 6.0 Unarmed Combat
 + Level 3.8 Invocations
 + Level 5.6 Shapeshifting


You had 8 spell levels left.
You didn't know any spells.
Your spell library contained the following spells:

 Spells                   Type           Power      Damage    Failure   Level
 Magic Dart               Conj           0%         1d3       21%         1
 Necrotise                Necr           0%         1d4       21%         1
 Shock                    Conj/Air       0%         1d3       21%         1
 Lesser Beckoning         Tloc           0%         N/A       30%         2
 Scorch                   Fire           0%         2d5       30%         2
 Searing Ray              Conj           0%         2d4       30%         2
 Call Canine Familiar     Summ           0%         N/A       52%         3
 Gell's Gravitas          Tloc           0%         N/A       52%         3
 Sigil of Binding         Hex            0%         N/A       52%         3
 Stone Arrow              Conj/Erth      0%         3d7       52%         3
 Swiftness                Air            0%         N/A       52%         3
 Teleport Other           Tloc           0%         N/A       52%         3
 Vampiric Draining        Necr           0%         2d6       52%         3
 Airstrike                Air            0%         2d(0-16)  90%         4
 Dimensional Bullseye     Hex/Tloc       0%         N/A       90%         4
 Flame Wave               Conj/Fire      0%         2d4       90%         4
 Fulminant Prism          Conj/Alch      0%         3d5       90%         4
 Martyr's Knell           Necr/Summ      0%         N/A       90%         4
 Curse of Agony           Necr           0%         N/A       99%         5
 Summon Cactus Giant      Summ           0%         N/A       100%        6
 Lehudib's Crystal Spear  Conj/Erth      0%         10d2      100%        8
 Animate Armour           Summ/Erth      Unusable   N/A       N/A         4

Dungeon Overview and Level Annotations

Branches:
Dungeon (8/15)             Temple (0/1) D:5
   Lair: D:8-11

Altars:
Cheibriados

Shops:
D:2 (   D:7 *


Innate Abilities, Weirdness & Mutations

You are a hulking beast.
Your limbs bulge with bestial killing power. (Slay +3)
You can breathe blasts of antimagic.
Your rich purple scales are hard. (AC +7)
You cannot fit into any form of body armour.
You are cold-blooded and may be slowed by cold attacks.


Message History

The orc warrior is lightly wounded.
The gnoll misses you. The orc warrior completely misses you.
The gnoll bouda hits you with a +0 whip.
The orc closely misses you.
You are too injured to fight recklessly!
You are too injured to fight recklessly!
You are too injured to fight recklessly!
You are too injured to fight recklessly!
You are too injured to fight recklessly!
You are too injured to fight recklessly!
You are too injured to fight recklessly!
You are too injured to fight recklessly!
You are too injured to fight recklessly!
You are too injured to fight recklessly!
You are too injured to fight recklessly!
You are too injured to fight recklessly!
You are too injured to fight recklessly!
Unknown command.
Okay, then.
Unknown command.
The orc hits you with a +0 club. The gnoll hits you with a +0 whip.
The orc warrior hits you with a +0 war axe.
An orc priest comes into view. It is wielding a +0 hand axe.
Your attacks no longer feel as feeble.
The gnoll closely misses you.
The orc warrior attacks as it pursues you!
The orc warrior hits you with a +0 war axe.
The orc hits you but does no damage.
The centaur wields a +0 orcbow.
The centaur shoots an arrow.
The arrow closely misses you. The gnoll hits you with a +0 whip.
* * * LOW HITPOINT WARNING * * *
The orc warrior hits you with a +0 war axe.
* * * LOW HITPOINT WARNING * * *
The orc misses you.
The centaur shoots an arrow.
The arrow hits you!
* * * LOW HITPOINT WARNING * * *
The gnoll attacks as it pursues you! The gnoll misses you.
The centaur shoots an arrow.
The arrow hits you!
You die...
Cheibriados appreciates the motionlessness of death.

#. ### #. ..
#.###.###
#.......#
#.......#
#..<....#
#.......####
####.##........
.....##h########
###..gg.......#
#..ooo......#
#......)....#
#....))c....#
#...~.(.....#
#.....(.[...#
#....~o.....#
#...~~...~..#


You could see an orc warrior, a centaur, a gnoll bouda, an orc priest, a gnoll
(swift) and 2 orcs.

Vanquished Creatures
  Maggie (D:7)
  Jeremiah (D:7)
  An unseen horror (D:7)
  A steam dragon (D:6)
  A water moccasin (D:6)
  An ice beast (D:6)
  A black bear (D:5)
  An ogre (D:6)
  2 centaurs (D:6)
  2 scorpions (D:5)
  2 bullfrogs
  5 howler monkeys
  2 bombardier beetles
  Crazy Yiuf (D:5)
  A hound (D:6)
  3 jellies
  An orc priest (D:5)
  3 sleepcaps
  An iguana (D:5)
  Ijyb (D:3)
  5 orc wizards
  10 gnolls
  9 adders
  A shadow imp (D:6)
  A white imp (D:7)
  An ufetubus (D:5)
  5 dart slugs
  24 orcs
  6 bats
  8 endoplasms
  6 giant cockroaches
  5 hobgoblins
  2 jackals (D:1)
  8 kobolds
  6 quokkas
  5 ball pythons
  3 frilled lizards
  13 goblins
  8 rats
158 creatures vanquished.

Vanquished Creatures (others)
  A bombardier beetle (D:6)
1 creature vanquished.

Grand Total: 159 creatures vanquished

Notes
Turn   | Place    | Note
-------+----------+-------------------------------------------
     0 | D:1      | senseless the Draconian Shapeshifter began the quest for
                  | the Orb.
     0 | D:1      | Reached XP level 1. HP: 16/16 MP: 1/1
   176 | D:1      | Reached XP level 2. HP: 7/23 MP: 2/2
   487 | D:1      | Found a faded altar of an unknown god.
   496 | D:1      | Prayed at the altar of an unknown god.
   496 | D:1      | Became a worshipper of Cheibriados the Contemplative
   496 | D:1      | Reached * piety under Cheibriados
   809 | D:2      | Reached XP level 3. HP: 24/29 MP: 3/3
   956 | D:2      | Reached skill level 2 in Fighting
   962 | D:2      | Reached ** piety under Cheibriados
  1142 | D:2      | Found Bogyfass's Weapon Shoppe.
  1324 | D:2      | Reached XP level 4. HP: 26/36 MP: 4/4
  1921 | D:3      | Reached skill level 3 in Fighting
  1921 | D:3      | Reached XP level 5. HP: 26/45 MP: 5/5
  2159 | D:3      | Reached *** piety under Cheibriados
  2392 | D:3      | Noticed Ijyb
  2424 | D:3      | Killed Ijyb
  2892 | D:4      | Reached XP level 6. HP: 50/51 MP: 6/6
  3064 | D:4      | Reached skill level 4 in Fighting
  3231 | D:4      | Reached **** piety under Cheibriados
  3397 | D:5      | Entered Level 5 of the Dungeon
  3533 | D:5      | Your scales start taking on a rich purple colour.
  3533 | D:5      | Reached XP level 7. HP: 34/60 MP: 7/7
  3630 | D:5      | Found a runed translucent door.
  3631 | D:5      | Noticed Crazy Yiuf
  4067 | D:5      | Reached skill level 5 in Fighting
  4400 | D:5      | Found a staircase to the Ecumenical Temple.
  4600 | D:5      | Killed Crazy Yiuf
  5046 | D:6      | Reached ***** piety under Cheibriados
  5047 | D:6      | Reached skill level 5 in Dodging
  5047 | D:6      | Reached skill level 1 in Invocations
  5047 | D:6      | Reached XP level 8. HP: 68/69 MP: 8/8
  5311 | D:6      | Reached skill level 6 in Fighting
  5311 | D:6      | Reached skill level 5 in Unarmed Combat
  5551 | D:6      | Reached skill level 5 in Shapeshifting
  5800 | D:7      | Noticed Jeremiah
  5941 | D:7      | Killed Jeremiah
  5942 | D:7      | Reached skill level 7 in Fighting
  6183 | D:7      | Reached XP level 9. HP: 79/79 MP: 11/11
  6209 | D:7      | Killed an unseen horror
  6464 | D:7      | Found Nual Zeh's Gadget Gallery.
  6567 | D:7      | Noticed Maggie
  6586 | D:7      | Killed Maggie
  7126 | D:8      | Identified a scroll of acquirement
  7126 | D:8      | Acquired a manual of Shapeshifting
  7259 | D:8      | Shot with an arrow by a centaur

Illustrated notes

Levels and vault maps discovered:
D:1:      minmay_arrival_doors, layout_basic,
          chequers_ecumenical_altar_simple_redux, minmay_cupped
D:2:      layout_loops_ring, serial_shops, nicolae_shop_behind_doors
D:3:      kennysheep_the_goblin_king, layout_basic, grunt_ministairs_9,
          guppyfry_early_lair_pool
D:4:      layout_rooms
D:5:      layout_basic, minmay_temple_entry_enclosed_plants,
          chequers_serial_rivers_large_b, hangedman_abyss_or_decor_passed,
          st_stairs_1, uniq_crazy_yiuf_cottage
D:6:      layout_basic
D:7:      layout_basic, serial_aquarium, aquarium_bridge_straight
          [aquarium_subvault_bridge, aquarium_subvault_window,
          aquarium_subvault_bridge, aquarium_subvault_wall], aquarium_window_2,
          aquarium_window_fake, aquarium_window_2, aquarium_view_2c,
          aquarium_balcony_double_1, grunt_decor_resistance,
          nicolae_shop_gadgets, uniq_jeremiah, uniq_maggie
D:8:      layout_basic, mainiacjoe_overflow_paths, grunt_temple_overflow_open

Skill      XL: |  1  2  3  4  5  6  7  8  9 |
---------------+----------------------------+-----
Dodging        | 2 3 4 5 6 |  6.7
Fighting       | 2 3 4 5 7 |  7.7
Unarmed Combat | 4 5 6 |  6.0
Shapeshifting  | 4 5 |  5.6
Invocations    | 1 3 |  3.8

Action                     |  1- 3 |  4- 6 |  7- 9 || total
---------------------------+-------+-------+-------++-------
  Melee: Unarmed           |   106 |   210 |   199 ||   515
         Tailslap          |     7 |    27 |    25 ||    59
         Punch             |       |     6 |    10 ||    16
  Throw: Dart              |       |       |     6 ||     6
 Invoke: Slouch            |       |       |     3 ||     3
         Temporal Distorti |       |       |     1 ||     1
Ability: Nullifying Breath |       |       |     6 ||     6
    Use: Scroll            |       |       |    15 ||    15
         Potion            |       |       |     1 ||     1
   Stab: Distracted        |     1 |       |       ||     1
         Sleeping          |       |     1 |     2 ||     3
 Armour: Skin              |    66 |   198 |   181 ||   445
  Dodge: Dodged            |    60 |   155 |   191 ||   406
         Form:             |       |       |     1 ||     1
         Beast             |       |       |     1 ||     1

Table legend: (Time is in decaauts)
 A = Elapsed time spent in this place.
 B = Non-inter-level travel time spent in this place.
 C = Inter-level travel time spent in this place.
 D = Time resting spent in this place.
 E = Time spent auto-exploring this place.
 F = Levels seen in this place.
 G = Mean time per level.
                   A        B        C        D        E       F      G
               +--------+--------+--------+--------+--------+-----+--------+
         Total |   9607 |   9412 |    195 |    372 |   7729 |   8 | 1200.9 |
       Dungeon |   9607 |   9412 |    195 |    372 |   7729 |   8 | 1200.9 |
               +--------+--------+--------+--------+--------+-----+--------+

Top non-repeatable levels by time:
     D:5: 1982 daAuts
     D:7: 1583 daAuts
     D:6: 1525 daAuts
     D:3: 1510 daAuts
     D:2: 1091 daAuts
     D:1: 903 daAuts
     D:4: 870 daAuts
     D:8: 140 daAuts
